SL
NORTHERN VIRGINIA RETRIEVERS @ GRAFTON MIDDIES
05/10/2026
 
TOP OF THE 1ST
Northern Virginia Retrievers batting - Pitching for Grafton Middies : RHP Daniel Martínez
Pitching: RHP Daniel Martínez
Batting: LHB Francisco Ornelas 0-0: Ball
1-0: Foul Ball, location: 2F
1-1: Swinging Strike
1-2: Strikes out looking
Batting: RHB Brett Callison 0-0: Called Strike
0-1: Ball
1-1: Ball
2-1: Ball
3-1: Base on Balls
Batting: LHB Roberto Sánchez 0-0: Ball
1-0: SINGLE (Line Drive, 78S)
Brett Callison to second
Batting: RHB Shohei Kiyomizu 0-0: Ground out 5-3 (Groundball, 56S)
Brett Callison to third
Roberto Sánchez to second
Batting: LHB Munemori Ohara 0-0: Swinging Strike
0-1: Swinging Strike
0-2: Ball
1-2: Strikes out looking
Top of the 1st over - 0 run(s), 1 hit(s), 0 error(s), 2 left on base; Northern Virginia 0 - Grafton 0
BOTTOM OF THE 1ST
Grafton Middies batting - Pitching for Northern Virginia Retrievers : RHP Yin-fat Foong
Pitching: RHP Yin-fat Foong
Batting: RHB Pedro Santos 0-0: Called Strike
0-1: Foul Ball, location: 2F
0-2: Foul Ball, location: 2F
0-2: Ground out U3 (Groundball, 3L)
Batting: RHB Carlos Maldonado 0-0: Called Strike
0-1: Called Strike
0-2: Foul Ball, location: 2F
0-2: Fly out, F8 (Flyball, 78D)
Batting: LHB Mario Ramos 0-0: Called Strike
0-1: Called Strike
0-2: Foul Ball, location: 2F
0-2: Ball
1-2: Foul Ball, location: 2F
1-2: Ball
2-2: Ground out 6-3 (Groundball, 6MD)
Bottom of the 1st over - 0 run(s), 0 hit(s), 0 error(s), 0 left on base; Northern Virginia 0 - Grafton 0
TOP OF THE 2ND
Northern Virginia Retrievers batting - Pitching for Grafton Middies : RHP Daniel Martínez
Batting: LHB Qi-zhen Loong 0-0: Ball
1-0: Foul Ball, location: 2F
1-1: Ball
2-1: Ball
3-1: Base on Balls
Batting: RHB Ju-chan Pak 0-0: Ball
1-0: Ball
2-0: Ball
3-0: Base on Balls
Qi-zhen Loong to second
Batting: LHB Chris Etheridge 0-0: Ball
1-0: Called Strike
1-1: Ball
2-1: Ball
3-1: Base on Balls
Qi-zhen Loong to third
Ju-chan Pak to second
Batting: LHB Cole Thrash 0-0: Foul Ball, location: 2F
0-1: Ball
1-1: Foul Ball, location: 2F
1-2: Ball
2-2: Strikes out swinging
Batting: LHB Francisco Ornelas 0-0: Ball
1-0: Ball
2-0: Fly out, F7 (Flyball, 7)
Runner from 3rd tags up, OUT at HOME
Top of the 2nd over - 0 run(s), 0 hit(s), 0 error(s), 2 left on base; Northern Virginia 0 - Grafton 0
BOTTOM OF THE 2ND
Grafton Middies batting - Pitching for Northern Virginia Retrievers : RHP Yin-fat Foong
Batting: RHB Jarred Morgan 0-0: Ground out 6-3 (Groundball, 6)
Batting: RHB Ramón Gómez 0-0: Ball
1-0: Called Strike
1-1: Ball
2-1: Ball
3-1: Called Strike
3-2: Fly out, F7 (Flyball, 7S)
Batting: RHB Dave Ash 0-0: Foul Ball, location: 2F
0-1: Ball
1-1: Ground out U3 (Groundball, 3L)
Bottom of the 2nd over - 0 run(s), 0 hit(s), 0 error(s), 0 left on base; Northern Virginia 0 - Grafton 0
TOP OF THE 3RD
Northern Virginia Retrievers batting - Pitching for Grafton Middies : RHP Daniel Martínez
Batting: RHB Brett Callison 0-0: Foul Ball, location: 2F
0-1: Ball
1-1: Called Strike
1-2: Foul Ball, location: 2F
1-2: Ball
2-2: Foul Ball, location: 2F
2-2: Foul Ball, location: 2F
2-2: Strikes out looking
Batting: LHB Roberto Sánchez 0-0: Ball
1-0: Foul Ball, location: 2F
1-1: Ball
2-1: SINGLE (Flyball, 7LS)
Batting: RHB Shohei Kiyomizu 0-0: SINGLE (Flyball, 9S)
Roberto Sánchez to second
Runner from 2nd tries for 3rd, SAFE, no throw
Batting: LHB Munemori Ohara 0-0: Ball
1-0: Ball
2-0: Foul Ball, location: 2F
2-1: SINGLE (Line Drive, 7S)
Roberto Sánchez scores
Shohei Kiyomizu to second
Batting: LHB Qi-zhen Loong 0-0: Called Strike
0-1: Fly out, F9 (Flyball, 89S)
Batting: RHB Ju-chan Pak 0-0: Called Strike
0-1: Foul Ball, location: 2F
0-2: Ball
1-2: Foul Ball, location: 2F
1-2: Strikes out swinging
Top of the 3rd over - 1 run(s), 3 hit(s), 0 error(s), 2 left on base; Northern Virginia 1 - Grafton 0
BOTTOM OF THE 3RD
Grafton Middies batting - Pitching for Northern Virginia Retrievers : RHP Yin-fat Foong
Batting: RHB Stefano Gaddi 0-0: Foul Ball, location: 2F
0-1: Called Strike
0-2: SINGLE (Line Drive, 56D)
Batting: SHB Jack MacAsgill 0-0: Foul Ball, location: 2F
0-1: Ball
1-1: Called Strike
1-2: Strikes out swinging
Batting: RHB Dennis Clifton 0-0: Fly out, F7 (Flyball, 7)
Batting: RHB Pedro Santos 0-0: Swinging Strike
0-1: SINGLE (Line Drive, 4D)
Stefano Gaddi to second
Batting: RHB Carlos Maldonado 0-0: SINGLE (Flyball, 78S)
Stefano Gaddi to third
Pedro Santos to second
Runner from 3rd tries for Home, SAFE, throw made home
Pedro Santos to third
Carlos Maldonado to second
Batting: LHB Mario Ramos 0-0: Ball
1-0: Ground out 4-3 (Groundball, 34)
Bottom of the 3rd over - 1 run(s), 3 hit(s), 0 error(s), 2 left on base; Northern Virginia 1 - Grafton 1
TOP OF THE 4TH
Northern Virginia Retrievers batting - Pitching for Grafton Middies : RHP Daniel Martínez
Batting: LHB Chris Etheridge 0-0: Called Strike
0-1: Swinging Strike
0-2: Strikes out looking
Batting: LHB Cole Thrash 0-0: Called Strike
0-1: Foul Ball, location: 2F
0-2: Ball
1-2: Ball
2-2: Strikes out swinging
Batting: LHB Francisco Ornelas 0-0: Ball
1-0: Ball
2-0: Swinging Strike
2-1: SOLO HOME RUN (Flyball, 9D), Distance : 384 ft
Batting: RHB Brett Callison 0-0: Called Strike
0-1: Foul Ball, location: 2F
0-2: Ball
1-2: Strikes out swinging
Top of the 4th over - 1 run(s), 1 hit(s), 0 error(s), 0 left on base; Northern Virginia 2 - Grafton 1
BOTTOM OF THE 4TH
Grafton Middies batting - Pitching for Northern Virginia Retrievers : RHP Yin-fat Foong
Batting: RHB Jarred Morgan 0-0: Called Strike
0-1: Ball
1-1: Ground out 6-3 (Groundball, 6S)
Batting: RHB Ramón Gómez 0-0: SINGLE (Flyball, 89S)
Batting: RHB Dave Ash 0-0: Fly out, F8 (Flyball, 78M)
Batting: RHB Stefano Gaddi 0-0: Fly out, F8 (Flyball, 8LS)
Bottom of the 4th over - 0 run(s), 1 hit(s), 0 error(s), 1 left on base; Northern Virginia 2 - Grafton 1
TOP OF THE 5TH
Northern Virginia Retrievers batting - Pitching for Grafton Middies : RHP Daniel Martínez
Batting: LHB Roberto Sánchez 0-0: Called Strike
0-1: DOUBLE (Flyball, 8RXD)
Batting: RHB Shohei Kiyomizu 0-0: Ball
1-0: DOUBLE (Line Drive, 89XD)
Roberto Sánchez scores
Batting: LHB Munemori Ohara 0-0: Ball
1-0: Ball
2-0: 2-RUN HOME RUN (Flyball, 89XD), Distance : 412 ft
Pitching: RHP António Marés
Batting: LHB Qi-zhen Loong 0-0: Called Strike
0-1: Ball
1-1: Foul Ball, location: 2F
1-2: Strikes out swinging
Batting: RHB Ju-chan Pak 0-0: Foul Ball, location: 2F
0-1: Swinging Strike
0-2: Strikes out looking
Batting: LHB Chris Etheridge 0-0: Ball
1-0: Ball
2-0: Ball
3-0: Called Strike
3-1: Foul Ball, location: 2F
3-2: Ground out 4-3 (Groundball, 4M)
Top of the 5th over - 3 run(s), 3 hit(s), 0 error(s), 0 left on base; Northern Virginia 5 - Grafton 1
BOTTOM OF THE 5TH
Grafton Middies batting - Pitching for Northern Virginia Retrievers : RHP Yin-fat Foong
Batting: SHB Jack MacAsgill 0-0: Ball
1-0: Ball
2-0: Ball
3-0: Base on Balls
Batting: RHB Dennis Clifton 0-0: Foul Ball, location: 2F
0-1: Foul Ball, location: 2F
0-2: Strikes out swinging
Batting: RHB Pedro Santos 0-0: Foul Ball, location: 2F
0-1: Ball
1-1: Called Strike
1-2: Foul Ball, location: 2F
1-2: Ball
2-2: Foul Ball, location: 2F
2-2: Ball
3-2: Grounds into double play, 6-4-3 (Groundball, 56)
Bottom of the 5th over - 0 run(s), 0 hit(s), 0 error(s), 0 left on base; Northern Virginia 5 - Grafton 1
TOP OF THE 6TH
Northern Virginia Retrievers batting - Pitching for Grafton Middies : RHP António Marés
Batting: LHB Cole Thrash 0-0: Foul Ball, location: 2F
0-1: Ground out 6-3 (Groundball, 6D)
Batting: LHB Francisco Ornelas 0-0: Ball
1-0: Ball
2-0: Foul Ball, location: 2F
2-1: Called Strike
2-2: Ball
3-2: Reached on error, E4 (Groundball, 4)
Batting: RHB Brett Callison 0-0: Called Strike
0-1: Ball
1-1: Fly out, F9 (Flyball, 9D)
Batting: LHB Roberto Sánchez 0-0: Ball
1-0: Ball
2-0: Called Strike
2-1: Called Strike
2-2: Ball
3-2: Strikes out looking
Top of the 6th over - 0 run(s), 0 hit(s), 1 error(s), 1 left on base; Northern Virginia 5 - Grafton 1
BOTTOM OF THE 6TH
Grafton Middies batting - Pitching for Northern Virginia Retrievers : RHP Yin-fat Foong
Batting: RHB Carlos Maldonado 0-0: Foul Ball, location: 2F
0-1: Ball
1-1: Called Strike
1-2: Ball
2-2: Ball
3-2: Foul Ball, location: 2F
3-2: Base on Balls
Batting: LHB Mario Ramos 0-0: Swinging Strike
0-1: Ball
1-1: SINGLE (Flyball, 89S)
Carlos Maldonado to second
Runner from 2nd tries for 3rd, SAFE, no throw
Batting: RHB Jarred Morgan 0-0: Ball
1-0: Ball
2-0: Swinging Strike
2-1: Foul Ball, location: 2F
2-2: Ball
3-2: Base on Balls
Mario Ramos to second
Batting: RHB Ramón Gómez 0-0: Ball
1-0: Foul Ball, location: 2F
1-1: Ball
2-1: Ball
3-1: Swinging Strike
3-2: Base on Balls
Carlos Maldonado scores
Mario Ramos to third
Jarred Morgan to second
Batting: RHB Dave Ash 0-0: Ball
1-0: Swinging Strike
1-1: Fielders Choice at 2nd, 4-6 (Groundball, 4)
Mario Ramos scores
Jarred Morgan to third
Batting: RHB Stefano Gaddi 0-0: Called Strike
0-1: Ball
1-1: Ball
2-1: Ball
3-1: Base on Balls
Dave Ash to second
Batting: SHB Jack MacAsgill 0-0: Called Strike
0-1: Ball
1-1: Fly out, F8 (Flyball, 8RS)
Batting: RHB Dennis Clifton 0-0: Fly out, F6 (Popup, 6)
Bottom of the 6th over - 2 run(s), 1 hit(s), 0 error(s), 3 left on base; Northern Virginia 5 - Grafton 3
TOP OF THE 7TH
Northern Virginia Retrievers batting - Pitching for Grafton Middies : RHP António Marés
Batting: RHB Shohei Kiyomizu 0-0: Ball
1-0: Ball
2-0: Ball
3-0: Base on Balls
Batting: LHB Munemori Ohara 0-0: Foul Ball, location: 2F
0-1: Foul Ball, location: 2F
0-2: SINGLE (Groundball, 34D)
Shohei Kiyomizu to second
Runner from 2nd tries for 3rd, SAFE, throw made to third
Munemori Ohara to second
Batting: LHB Qi-zhen Loong 0-0: Intentional Walk
Batting: RHB Ju-chan Pak 0-0: Called Strike
0-1: Ball
1-1: Swinging Strike
1-2: Ball
2-2: SINGLE (Line Drive, 6D)
Shohei Kiyomizu scores
Munemori Ohara to third
Qi-zhen Loong to second
Runner from 3rd tries for Home, SAFE, no throw
Batting: LHB Chris Etheridge 0-0: Ball
1-0: Ball
2-0: Ball
3-0: Base on Balls
Qi-zhen Loong to third
Ju-chan Pak to second
Batting: LHB Cole Thrash 0-0: Ball
1-0: Foul Ball, location: 2F
1-1: Fielders Choice at 2nd, 3-6 (Groundball, 34)
Qi-zhen Loong scores
Ju-chan Pak to third
Pitching: RHP Orlando De Jesús
Batting: LHB Francisco Ornelas 0-0: Foul Ball, location: 2F
0-1: Called Strike
0-2: Strikes out swinging
Batting: RHB Brett Callison 0-0: Swinging Strike
0-1: Hit by Pitch
Cole Thrash to second
Batting: LHB Roberto Sánchez 0-0: Ball
1-0: Called Strike
1-1: Ground out 6-3 (Groundball, 6S)
Top of the 7th over - 3 run(s), 2 hit(s), 0 error(s), 3 left on base; Northern Virginia 8 - Grafton 3
BOTTOM OF THE 7TH
Grafton Middies batting - Pitching for Northern Virginia Retrievers : RHP Yin-fat Foong
Batting: RHB Pedro Santos 0-0: Ball
1-0: Swinging Strike
1-1: Swinging Strike
1-2: Foul Ball, location: 2F
1-2: Strikes out swinging
Batting: RHB Carlos Maldonado 0-0: Called Strike
0-1: Ball
1-1: Ground out 5-3 (Groundball, 56)
Batting: LHB Mario Ramos 0-0: Ball
1-0: Swinging Strike
1-1: Fly out, F8 (Flyball, 8LD)
Bottom of the 7th over - 0 run(s), 0 hit(s), 0 error(s), 0 left on base; Northern Virginia 8 - Grafton 3
TOP OF THE 8TH
Northern Virginia Retrievers batting - Pitching for Grafton Middies : RHP Orlando De Jesús
Batting: RHB Shohei Kiyomizu 0-0: Fly out, F8 (Flyball, 8RM)
Batting: LHB Munemori Ohara 0-0: Ball
1-0: Swinging Strike
1-1: Ball
2-1: SOLO HOME RUN (Flyball, 89XD), Distance : 404 ft
Batting: LHB Qi-zhen Loong 0-0: Ball
1-0: Foul Ball, location: 2F
1-1: Ball
2-1: Fly out, F8 (Flyball, 8LM)
Batting: RHB Ju-chan Pak 0-0: Ground out 6-3 (Groundball, 6)
Top of the 8th over - 1 run(s), 1 hit(s), 0 error(s), 0 left on base; Northern Virginia 9 - Grafton 3
BOTTOM OF THE 8TH
Grafton Middies batting - Pitching for Northern Virginia Retrievers : RHP Yin-fat Foong
Pitching: RHP David Hudson
Batting: RHB Jarred Morgan 0-0: Ball
1-0: Foul Ball, location: 2F
1-1: Swinging Strike
1-2: Foul Ball, location: 2F
1-2: Strikes out looking
Batting: RHB Ramón Gómez 0-0: Swinging Strike
0-1: Ball
1-1: SINGLE (Groundball, 6MS) (infield hit)
Batting: RHB Dave Ash 0-0: Called Strike
0-1: Swinging Strike
0-2: Ball
1-2: Strikes out swinging
Batting: RHB Stefano Gaddi 0-0: Called Strike
0-1: Foul Ball, location: 2F
0-2: Ball
1-2: Ball
2-2: Reached on error, E6 (Groundball, 56)
Ramón Gómez to second
Batting: SHB Jack MacAsgill 0-0: Ball
1-0: Ground out 4-3 (Groundball, 34D)
Bottom of the 8th over - 0 run(s), 1 hit(s), 1 error(s), 2 left on base; Northern Virginia 9 - Grafton 3
TOP OF THE 9TH
Northern Virginia Retrievers batting - Pitching for Grafton Middies : RHP Orlando De Jesús
Batting: LHB Chris Etheridge 0-0: Called Strike
0-1: Called Strike
0-2: Ball
1-2: Ground out 4-3 (Groundball, 34)
Batting: LHB Cole Thrash 0-0: Ball
1-0: Ball
2-0: Called Strike
2-1: Called Strike
2-2: Foul Ball, location: 2F
2-2: Ball
3-2: Foul Ball, location: 2F
3-2: Base on Balls
Batting: LHB Francisco Ornelas 0-0: Called Strike
0-1: Ball
1-1: SINGLE (Groundball, 34S) (infield hit)
Cole Thrash to second
Batting: RHB Brett Callison 0-0: Called Strike
0-1: Foul Ball, location: 2F
0-2: Ball
1-2: Foul Ball, location: 2F
1-2: Foul Ball, location: 2F
1-2: SINGLE (Groundball, 4D)
Cole Thrash to third
Francisco Ornelas to second
Runner from 3rd tries for Home, SAFE, no throw
Batting: LHB Roberto Sánchez 0-0: Ball
1-0: Foul Ball, location: 2F
1-1: Ball
2-1: Ball
3-1: Foul Ball, location: 2F
3-2: Base on Balls
Francisco Ornelas to third
Brett Callison to second
Batting: RHB Shohei Kiyomizu 0-0: Ball
1-0: DOUBLE (Flyball, 89XD)
Francisco Ornelas scores
Brett Callison scores
Roberto Sánchez to third
Runner from 3rd tries for Home, SAFE, no throw
Pitching: RHP Frank Morse
Batting: LHB Munemori Ohara 0-0: Ball
1-0: Called Strike
1-1: Called Strike
1-2: Ball
2-2: Strikes out swinging
Batting: LHB Qi-zhen Loong 0-0: Called Strike
0-1: Ball
1-1: Fly out, F7 (Flyball, 7S)
Top of the 9th over - 4 run(s), 3 hit(s), 0 error(s), 1 left on base; Northern Virginia 13 - Grafton 3
BOTTOM OF THE 9TH
Grafton Middies batting - Pitching for Northern Virginia Retrievers : RHP David Hudson
Batting: RHB Dennis Clifton 0-0: Foul Ball, location: 2F
0-1: Foul Ball, location: 2F
0-2: Ball
1-2: Ball
2-2: Strikes out looking
Batting: RHB Pedro Santos 0-0: Called Strike
0-1: Ball
1-1: Ball
2-1: Ground out 5-3 (Groundball, 56)
Batting: RHB Carlos Maldonado 0-0: Reached on error, E4 (Groundball, 4)
Batting: LHB Mario Ramos 0-0: Ball
1-0: Foul Ball, location: 2F
1-1: Called Strike
1-2: Foul Ball, location: 2F
1-2: Strikes out swinging passed ball, reaches first!
Carlos Maldonado to second
Batting: RHB Jarred Morgan 0-0: Called Strike
0-1: Ball
1-1: Called Strike
1-2: Strikes out swinging
Bottom of the 9th over - 0 run(s), 0 hit(s), 1 error(s), 2 left on base; Northern Virginia 13 - Grafton 3
Monday, March 20th, 2017 - OOTP Baseball 17.12 Build 75